 Dungeon Crawl Stone Soup version 0.23.1-37-gaa34b87b72 (webtiles) character file.

Game seed: 13431412843066662563

149 PentaManta the Vandal (level 5, -7/36 HPs)
             Began as a Halfling Hunter on Mar 25, 2019.
             Mangled by Crazy Yiuf
             ... wielding a +2 quarterstaff of chaos
              (11 damage)
             ... on level 3 of the Dungeon.
             The game lasted 00:03:56 (2590 turns).

PentaManta the Vandal (Halfling Hunter)             Turns: 2590, Time: 00:03:57

Health: -7/36      AC:  4    Str: 14    XL:     5   Next: 56%
Magic:  5/5        EV: 15    Int:  9    God:
Gold:   142        SH:  0    Dex: 15    Spells: 4/4 levels left

rFire    . . .     SeeInvis .   a - +1 hunting sling
rCold    . . .     Gourm    .   (shield restricted)
rNeg     . . .     Faith    .   c - +0 leather armour
rPois    .         Spirit   .   g - +0 helmet (curse)
rElec    .         Reflect  .   (no cloak)
rCorr    .         Harm     .   (no gloves)
MR       .....                  (no boots)
Stlth    +.........             (no amulet)
HPRegen  0.12/turn              (no ring)
MPRegen  0.09/turn              (no ring)

@: lightly drained
A: small, mutation resistance 1
a: no special abilities


You were on level 3 of the Dungeon.
You were hungry.

You visited 1 branch of the dungeon, and saw 3 of its levels.

You collected 142 gold pieces.

Inventory:

Hand Weapons
 a - a +1 hunting sling (weapon)
 k - a +0 short sword of venom
Missiles
 i - 109 stones (quivered)
 r - a throwing net
Armour
 c - a +0 leather armour (worn)
 g - a cursed +0 helmet (worn)
Wands
 p - a wand of flame (16)
 q - a wand of random effects (15)
 s - a wand of disintegration (10)
Scrolls
 b - a scroll of identify {unknown}
 e - 2 scrolls of enchant armour {unknown}
 h - a scroll of magic mapping {unknown}
 j - 3 scrolls of enchant weapon {unknown}
 l - 2 scrolls of remove curse {unknown}
 m - a scroll of teleportation {unknown}
 n - a scroll of random uselessness {unknown}
 o - 2 scrolls of fog {unknown}
 u - a scroll of amnesia {unknown}
Potions
 t - a potion of magic {unknown}
Comestibles
 f - 4 rations


   Skills:
 + Level 3.1(2.6) Fighting
 + Level 7.1(6.6) Slings
 + Level 3.8(3.3) Dodging
 - Level 1.1(0.6) Stealth


You had 4 spell levels left.
You didn't know any spells.
Your spell library was empty.

Dungeon Overview and Level Annotations

Branches:
Dungeon (3/15)

Altars:
Elyvilon
Kikubaaqudgha
Wu Jian

Annotations:
D:3 1 runed translucent door, Crazy Yiuf


Innate Abilities, Weirdness & Mutations

You are small and have problems with some larger weapons.
You are somewhat resistant to further mutation.


Message History

* * * LOW HITPOINT WARNING * * *
You turn to flesh and can move again.
Crazy Yiuf says, "Crazy?
Crazy!?
PORCUPINE!"
Crazy Yiuf screams, "Key snail canine!"
Firing (i - inventory. (/) - cycle)
d - 2 sling bullets (quivered)
Press: ? - help, Shift-Dir - straight line, f/p - Crazy Yiuf
Aim: Crazy Yiuf, wielding a +2 quarterstaff of chaos and wearing a +0 cloak of poison resistance (heavily wounded)
You shoot a sling bullet. The sling bullet hits Crazy Yiuf.
Crazy Yiuf is severely wounded.
Crazy Yiuf whimpers, "Walk!"
Crazy Yiuf hits you with a +2 quarterstaff of chaos.
* * * LOW HITPOINT WARNING * * *
You feel drained.
Firing (i - inventory. (/) - cycle)
d - a sling bullet (quivered)
Press: ? - help, Shift-Dir - straight line, f/p - Crazy Yiuf
Aim: Crazy Yiuf, wielding a +2 quarterstaff of chaos and wearing a +0 cloak of poison resistance (severely wounded)
You shoot a sling bullet.
The sling bullet closely misses Crazy Yiuf.
Crazy Yiuf hits you with a +2 quarterstaff of chaos!
You die...

# ############## #
#............########
#...................#
#............######.#
###..########### #.#
.##.## #.# .##.#
♣♣♣♣♣##.## .##.## ###
♣♣♣g♣...+..# .....#
#...#♣(.♣@......#
.###.#
#(..(.♣♣♣♣......#
.....# #)..#♣♣
♣♣..+.## .###.# ###
♣♣#### .....# ##.#.#
##.#.##############
##.#.#.#..........#
##..........<.###(#


You could see Crazy Yiuf.

Vanquished Creatures
  A worker ant (D:3)
  A hound zombie (D:3)
  Robin (D:2)
  A gnoll (D:1)
  An adder (D:3)
  5 worms
  A leopard gecko (D:3)
  2 orcs (D:3)
  A ball python (D:2)
  7 bats
  2 giant cockroaches
  18 goblins
  6 hobgoblins
  4 frilled lizards
  10 kobolds
  3 rats
64 creatures vanquished.

Vanquished Creatures (others)
  A human (D:2)
1 creature vanquished.

Grand Total: 65 creatures vanquished

Notes
Turn   | Place    | Note
-------+----------+-------------------------------------------
     0 | D:1      | PentaManta the Halfling Hunter began the quest for the Orb.
     0 | D:1      | Reached XP level 1. HP: 14/14 MP: 1/1
   432 | D:1      | Reached skill level 6 in Slings
   464 | D:1      | Reached XP level 2. HP: 19/19 MP: 2/2
   710 | D:1      | Reached XP level 3. HP: 18/24 MP: 3/3
   893 | D:2      | Noticed Robin
   910 | D:2      | Killed Robin
  1223 | D:2      | Reached XP level 4. HP: 27/30 MP: 4/4
  1693 | D:2      | Found an ancient bone altar of Kikubaaqudgha.
  1695 | D:2      | Noticed a human
  1697 | D:2      | Killed a human
  1838 | D:3      | Reached XP level 5. HP: 36/36 MP: 5/5
  1917 | D:3      | Found a runed translucent door.
  1917 | D:3      | Noticed an angel
  1926 | D:3      | Found a white marble altar of Elyvilon.
  1989 | D:3      | Reached skill level 7 in Slings
  2062 | D:3      | Found an ornate altar of the Wu Jian Council.
  2210 | D:3      | Found a runed translucent door.
  2211 | D:3      | Noticed Crazy Yiuf
  2590 | D:3      | Mangled by Crazy Yiuf

Skill      XL: |  1  2  3  4  5 |
---------------+----------------+-----
Slings         | 6 7 |  7.1
Fighting       | 2 3 |  3.1
Dodging        | 3 |  3.8
Stealth        | |  1.1

Action                   |  1- 3 |  4- 6 || total
-------------------------+-------+-------++-------
Melee: Short sword       |       |    16 ||    16
 Fire: Hunting sling     |    86 |   104 ||   190
  Use: Potion            |     1 |       ||     1
  Eat: Chunk             |       |     4 ||     4
Armor: Leather armour    |     7 |    11 ||    18
Dodge: Dodged            |    58 |    32 ||    90
